 Dungeon Crawl Stone Soup version 0.26.0-20-g3ca415f5b8 (webtiles) character file.

Game seed: 17462721074466669458

583 thiole the Sneak (level 7, 0/46 HPs)
             Began as an Octopode Hedge Wizard on Jan 25, 2021.
             Killed by divine providence
             ... invoked by an orc priest
              (13 damage)
             ... on level 5 of the Dungeon.
             The game lasted 00:10:20 (5791 turns).

thiole the Sneak (Octopode Hedge Wizard)            Turns: 5791, Time: 00:10:21

Health: 0/46       AC:  2    Str:  9      XL:     7   Next: 37%
Magic:  13/13      EV: 13    Int: 19      God:
Gold:   170        SH:  0    Dex:  7 (11) Spells: 6/14 levels left

rFire    . . .     SeeInvis .   g - +2 whip (venom)
rCold    . . .     Faith    .   (no shield)
rNeg     . . .     Spirit   .   b - +1 hat
rPois    .         Reflect  .   (no amulet)
rElec    .         Harm     .   m - ring of stealth
rCorr    .         Rampage  .   (no ring)
Will     .....                  (no ring)
Stlth    ++++......             (no ring)
HPRegen  0.15/turn              (no ring)
MPRegen  0.13/turn              (no ring)
                                (no ring)
                                (no ring)

@: no status effects
A: almost no armour, stealthy swim, amphibious, 8 rings, constrict 8, camouflage
1, gelatinous body 1
a: no special abilities


You were on level 5 of the Dungeon.
You visited 1 branch of the dungeon, and saw 5 of its levels.

You collected 170 gold pieces.

Inventory:

Hand Weapons
 a - a +0 dagger
 g - a +2 whip of venom (weapon)
Missiles
 h - 44 stones (quivered)
Armour
 b - a +1 hat (worn)
Jewellery
 m - a ring of stealth (left tentacle)
Wands
 i - a wand of paralysis (2)
 q - a wand of enslavement (6)
Scrolls
 d - a scroll of identify
 e - a scroll of fear
 f - a scroll of noise {unknown}
 n - a scroll of remove curse
 p - a scroll of magic mapping {unknown}
Potions
 c - 3 potions of curing
 j - a potion of resistance
 k - a potion of flight
 l - a potion of might
 o - a potion of lignification


   Skills:
 + Level 3.4 Fighting
 + Level 3.3 Dodging
 - Level 5.0 Stealth
 - Level 4.0 Spellcasting
 - Level 2.0 Conjurations
 - Level 2.0 Summonings
 - Level 1.0 Translocations
 - Level 2.1 Air Magic
 - Level 2.5 Poison Magic


You had 6 spell levels left.
You knew the following spells:

 Your Spells              Type           Power        Failure   Level
a - Magic Dart            Conj           44%          6%          1
b - Call Imp              Summ           11%          9%          2
c - Blink                 Tloc           N/A          14%         2
d - Mephitic Cloud        Conj/Pois/Air  12%          16%         3

Your spell library contained the following spells:

 Spells                   Type           Power        Failure   Level
 Slow                     Hex            3%           21%         2
 Conjure Flame            Conj/Fire      7%           26%         3


Dungeon Overview and Level Annotations

Branches:
Dungeon (5/15)
 Temple: D:4-7

Altars:
Ashenzari
Nemelex Xobeh
Yredelemnul


Innate Abilities, Weirdness & Mutations

You cannot wear most types of armour.
You are very stealthy in the water. (Stealth+)
You are amphibious.
You can wear up to eight rings at the same time.
You can use your tentacles to constrict eight enemies at once.
Your skin changes colour to match your surroundings (Stealth+).
Your rubbery body absorbs attacks. (AC +1, EV +1)


Message History

You hit the orc. You grab the orc. You squeeze the orc, but do no damage.
The orc is almost dead.
You constrict the orc.
You kill the orc!
You start resting.
An orc priest comes into view.
An orc wizard comes into view. It is wielding a +0 dagger.
The orc priest closely misses you.
Things that are here:
a +0 mace; a +0 leather armour You hit the orc priest.
The orc priest is poisoned.
Your grab misses the orc priest.
The orc priest is moderately wounded.
The orc priest hits you.
* * * LOW HITPOINT WARNING * * *
You closely miss the orc priest. Your grab misses the orc priest.
The orc priest is heavily wounded.
The orc priest invokes the aid of Beogh against you.
Beogh smites you!
You die...

#.....[...###.##
##.#.......#...#
#....#..###.##.#
..#.....# #.##.#
#....##.# #.##.#
##.#. #.# #.##.#
... ..# #.##.#
.. ..# #.##.##
#..@..# ####o##
#.)# (o.# (##.#
.. .# .. .. ##.
.. # ...


You could see an orc priest (very poisoned) and an orc wizard.

Vanquished Creatures
  Eustachio (D:4)
  An ogre (D:4)
  A howler monkey (D:5)
  A quasit (D:5)
  A bullfrog skeleton (D:4)
  Ijyb (D:4)
  2 worker ants (D:4)
  3 gnolls (D:3)
  5 adders
  2 worms
  6 dart slugs
  A leopard gecko (D:3)
  11 orcs
  9 bats
  3 giant cockroaches
  12 goblins
  8 hobgoblins
  3 jackals (D:4)
  2 quokkas
  2 frilled lizards (D:2)
  A jackal skeleton (D:4)
  9 kobolds
  A quokka zombie (D:4)
  8 rats
  A spectral orc (D:4)
95 creatures vanquished.

Vanquished Creatures (collateral kills)
  A howler monkey (D:4)
  A worm (D:4)
  An orc (D:4)
  3 jackals (D:4)
6 creatures vanquished.

Grand Total: 101 creatures vanquished

Notes
Turn   | Place    | Note
-------+----------+-------------------------------------------
     0 | D:1      | thiole the Octopode Hedge Wizard began the quest for the
                  | Orb.
     0 | D:1      | Reached XP level 1. HP: 11/11 MP: 4/4
   274 | D:1      | Reached XP level 2. HP: 17/17 MP: 3/6
   310 | D:1      | Learned a level 2 spell: Call Imp
   313 | D:1      | Learned a level 2 spell: Blink
   416 | D:1      | Found a broken altar of Ashenzari.
   425 | D:1      | Reached skill level 3 in Stealth
   751 | D:1      | Reached XP level 3. HP: 19/21 MP: 0/7
  1634 | D:2      | Learned a level 3 spell: Mephitic Cloud
  1796 | D:2      | Reached XP level 4. HP: 27/27 MP: 5/9
  2254 | D:2      | Found a sparkling altar of Nemelex Xobeh.
  2365 | D:2      | Reached skill level 4 in Stealth
  2867 | D:3      | Reached skill level 1 in Poison Magic
  2884 | D:3      | Reached skill level 1 in Air Magic
  2941 | D:3      | Reached skill level 1 in Fighting
  3084 | D:3      | Reached XP level 5. HP: 33/33 MP: 7/10
  4102 | D:4      | Noticed Eustachio
  4151 | D:4      | Killed Eustachio
  4152 | D:4      | Reached XP level 6. HP: 31/39 MP: 3/11
  4270 | D:4      | Reached skill level 5 in Stealth
  4414 | D:4      | Found a basalt altar of Yredelemnul.
  4447 | D:4      | Reached XP level 7. HP: 23/45 MP: 10/13
  4821 | D:4      | Noticed Ijyb
  4821 | D:4      | Paralysed by Ijyb for 7 turns
  4835 | D:4      | Killed Ijyb
  5397 | D:5      | Entered Level 5 of the Dungeon
  5791 | D:5      | Killed from afar by an orc priest

Illustrated notes

Levels and vault maps discovered:
D:1:      shiori_shiawase, layout_rooms, ashenzari_altar_1
D:2:      layout_loops_ring, lemuel_altar_in_water
D:3:      layout_loops_corners
D:4:      layout_loops_ring, yredelemnul_forgotten_temple_becter,
          kennysheep_decorative_pillar, uniq_ijyb, uniq_eustachio
D:5:      layout_loops_ring, amethyst_overflow_temple_binary,
          gammafunk_temple_overflow_pools, uniq_crazy_yiuf_cottage

Skill      XL: |  1  2  3  4  5  6  7 |
---------------+----------------------+-----
Stealth        | 3 4 5 |  5.0
Conjurations   | 2 |  2.0
Summonings     | 2 |  2.0
Poison Magic   | 1 2 |  2.5
Air Magic      | 1 2 |  2.1
Fighting       | 1 2 3 |  3.4
Spellcasting   | 4 |  4.0
Dodging        | 3 |  3.3
Translocations | |  1.0

Action                   |  1- 3 |  4- 6 |  7- 9 || total
-------------------------+-------+-------+-------++-------
Melee: Dagger            |    24 |       |       ||    24
       Constrict         |    10 |    16 |     9 ||    35
       Whip              |    13 |    49 |    50 ||   112
       Tentacles         |     2 |    12 |     9 ||    23
Throw: Stone             |     3 |     2 |     3 ||     8
 Cast: Magic Dart        |    76 |   115 |    34 ||   225
       Call Imp          |       |     5 |     3 ||     8
  Use: Scroll            |       |     4 |     7 ||    11
Armor: Skin              |     3 |     6 |    13 ||    22
Dodge: Dodged            |    29 |    48 |    44 ||   121
